AoeStats
← DKing

Black Forest

509667816Analyzed
4v4 RM · 4d ago on Sep 27, 2026· 46m 3s· 8 players
Game mode
Random Map
Map size
Large (8 player)
Population
200
Speed
Normal
Resources
Standard
Victory
Conquest
Starting age
Dark Age
Ending age
Imperial Age
RankedLock teamsTeams togetherTeam positionsShared explorationLock speedFull tech treeHidden civsTurbo modeCheats
Victory
Defeat
🇨🇳 Bulgarians · China
1265
+15
🇨🇳 Goths · China
1259
+15
🇨🇳 Khmer · China
1249
+16
🇨🇳 Spanish · China
1185
+19
🇨🇳 Franks · China
1328
-20
🇪🇨 Bengalis · Ecuador
1257
-17
🇵🇹 Persians · Portugal
1248
-16
🇵🇪 Khmer · Peru
1151
-12
钓你吗钓
1:13 Loom
10:08 Feudal Age
13:56 Castle Age
13:43 Gold Mining
19:24 Padded Archer Armor
20:03 Horse Collar
24:00 Double-Bit Axe
27:40 Stone Mining
31:59 Bow Saw
31:50 Heavy Plow
32:28 Stone Shaft Mining
33:39 Wheelbarrow
37:02 Imperial Age
35:25 Leather Archer Armor
36:32 Husbandry
36:43 Bloodlines
36:51 Fletching
37:14 Bloodlines
38:13 Conscription
38:11 Hand Cart
39:27 Chemistry
41:40 Ring Archer Armor
40:35 Elite Conquistador
42:08 Bodkin Arrow
43:19 Bombard Tower
44:16 Bracer
45:15 Town Watch
45:37 Scale Barding Armor
46:34 Two-Man Saw
46:01 Ballistics
SkullBump
0:49 Loom
11:16 Feudal Age
15:07 Castle Age
13:08 Double-Bit Axe
13:06 Horse Collar
18:19 Heavy Plow
20:06 Wheelbarrow
24:44 Bow Saw
24:57 Stone Mining
24:57 Gold Mining
26:06 Hand Cart
26:29 Stone Shaft Mining
29:56 Imperial Age
29:11 Forging
29:02 Scale Mail Armor
29:04 Treadmill Crane
29:44 Ballistics
29:35 Masonry
29:20 Murder Holes
30:39 Iron Casting
30:20 Chain Mail Armor
31:18 Crop Rotation
31:50 Two-Man Saw
30:56 Squires
30:16 Pikeman
30:17 Man-at-Arms
31:19 Conscription
31:00 Perfusion
32:52 Blast Furnace
32:19 Halberdier
32:20 Long Swordsman
33:01 Anarchy
32:39 Two-Handed Swordsman
32:57 Champion
35:16 Coinage
34:47 Caravan
34:57 Guilds
35:17 Elite Huskarl
40:06 Chemistry
39:36 Architecture
39:53 Capped Ram
41:12 Fletching
41:22 Padded Archer Armor
43:56 Onager
43:57 Heavy Scorpion
44:11 Sappers
山水先生
10:41 Feudal Age
14:26 Castle Age
12:24 Double-Bit Axe
12:36 Horse Collar
15:36 Bow Saw
22:11 Fishing Lines
23:44 Wheelbarrow
22:55 Town Watch
23:36 Gillnets
25:20 Gold Mining
25:32 Stone Mining
26:15 Heavy Plow
29:15 Imperial Age
27:02 Hand Cart
27:21 Loom
29:20 Gold Shaft Mining
30:20 Scale Barding Armor
30:25 Forging
31:13 Stone Shaft Mining
31:00 Squires
30:46 Arson
32:17 Chain Barding Armor
32:33 Iron Casting
32:39 Crop Rotation
33:27 Stirrups
33:53 Conscription
34:26 Plate Barding Armor
34:52 Blast Furnace
33:54 Husbandry
34:05 Bloodlines
34:09 Elite Konnik
35:07 Scale Mail Armor
36:37 Chain Mail Armor
37:59 Plate Mail Armor
42:13 Fletching
42:45 Ballistics
43:26 Chemistry
42:32 Siege Engineers
42:38 Masonry
43:06 Bodkin Arrow
45:18 Bracer
47:13 Architecture
随机便投
0:46 Loom
12:41 Feudal Age
15:44 Castle Age
13:49 Double-Bit Axe
15:57 Wheelbarrow
15:05 Horse Collar
17:37 Bow Saw
25:25 Gold Mining
25:26 Stone Mining
29:31 Imperial Age
27:54 Heavy Plow
28:31 Gold Shaft Mining
28:35 Stone Shaft Mining
28:11 Scale Barding Armor
28:17 Forging
29:01 Hand Cart
28:26 Light Cavalry
29:16 Bloodlines
29:07 Husbandry
29:30 Chain Barding Armor
29:56 Iron Casting
30:14 Fortified Wall
30:01 Murder Holes
30:54 Conscription
30:46 Elite Battle Elephant
31:00 Heavy Scorpion
32:16 Caravan
35:13 Blast Furnace
34:49 Plate Barding Armor
34:17 Hussar
40:17 Chemistry
39:37 Ballistics
39:23 Siege Engineers
Juanse7991
0:30 Loom
13:41 Feudal Age
19:17 Castle Age
DKing
11:03 Feudal Age
12:11 Loom
15:03 Castle Age
13:44 Double-Bit Axe
13:40 Horse Collar
16:06 Bow Saw
22:29 Wheelbarrow
24:04 Heavy Plow
24:49 Gold Mining
25:29 Hand Cart
25:22 Light Cavalry
26:03 Husbandry
26:15 Bloodlines
27:39 Scale Barding Armor
28:15 Forging
27:59 Fletching
31:24 Imperial Age
29:09 Town Watch
29:47 Kamandaran
30:04 Padded Archer Armor
30:00 Bodkin Arrow
31:12 Ballistics
30:25 Crossbowman
31:11 Thumb Ring
31:49 Leather Archer Armor
32:12 Conscription
32:05 Citadels
33:40 Chain Barding Armor
34:46 Chemistry
34:35 Ring Archer Armor
34:05 Hussar
35:22 Plate Barding Armor
35:23 Iron Casting
37:08 Pikeman
37:49 Squires
39:19 Blast Furnace
40:31 Murder Holes
40:14 Elite War Elephant
41:30 Hoardings
42:37 Scale Mail Armor
43:53 Chain Mail Armor
小帅shuai
11:17 Feudal Age
15:25 Castle Age
13:55 Double-Bit Axe
16:39 Bow Saw
17:46 Fishing Lines
19:52 Loom
19:56 Town Watch
25:25 Gillnets
30:12 Imperial Age
27:49 Gillnets
29:57 Scale Barding Armor
30:03 Forging
30:57 Wheelbarrow
31:05 Wheelbarrow
30:19 Cavalier
31:00 Husbandry
31:38 Conscription
31:25 Caravan
32:40 Chain Barding Armor
32:55 Iron Casting
32:34 Masonry
33:10 Hand Cart
32:55 Town Patrol
34:05 Plate Barding Armor
34:43 Gold Mining
36:04 Blast Furnace
36:04 Gold Shaft Mining
35:39 Padded Archer Armor
35:27 Elite Throwing Axeman
39:44 Scale Mail Armor
Pepe el Pollo
0:59 Loom
11:16 Feudal Age
11:53 Double-Bit Axe
16:27 Castle Age
16:35 Horse Collar
17:44 Wheelbarrow
17:47 Bow Saw
21:22 Hand Cart
21:57 Stone Mining
23:09 Town Watch
24:16 Gold Mining
25:06 Stone Shaft Mining
26:20 Gold Shaft Mining
31:09 Imperial Age
30:29 Ballistics
31:04 Bloodlines
30:54 Husbandry
31:17 Scale Barding Armor
33:10 Chemistry
32:16 Siege Engineers
31:34 Elite Ballista Elephant
32:44 Double Crossbow
33:08 Chain Barding Armor
34:03 Conscription
34:59 Fletching
35:45 Plate Barding Armor
36:37 Murder Holes
36:53 Masonry
Connection lost

Rejoining the realm…

Still unreachable

The connection could not be restored.

Session expired

The server has moved on; the page needs a fresh start.